 Dungeon Crawl Stone Soup version 0.25-a0-737-g26c3a87c45 (webtiles) character file.

Game seed: 6091968937989694042, levelgen mode: deterministic

56 MisterFreud the Skirmisher (level 3, 0/35 HPs)
             Began as a Gnoll Abyssal Knight on Apr 12, 2020.
             Was a Follower of Lugonu.
             Succumbed to a worker ant's poison
             ... on level 2 of the Dungeon.
             The game lasted 00:02:14 (1297 turns).

MisterFreud the Skirmisher (Gnoll Abyssal Knight)   Turns: 1297, Time: 00:02:14

Health: 0/35       AC:  3    Str: 14    XL:     3   Next: 95%
Magic:  6/6        EV: 12    Int: 15    God:    Lugonu [*.....]
Gold:   84         SH:  0    Dex: 14    Spells: 4/4 levels left

rFire    . . .     SeeInvis .   a - +1 short sword
rCold    . . .     Gourm    .   (no shield)
rNeg     . . .     Faith    .   b - +0 leather armour
rPois    .         Spirit   .   (no helmet)
rElec    .         Reflect  .   (no cloak)
rCorr    .         Harm     .   (no gloves)
MR       .....                  (no boots)
Stlth    +.........             (no amulet)
HPRegen  0.11/turn              (no ring)
MPRegen  0.10/turn              (no ring)

@: lethally poisoned (0 -> -3)
A: distributed training, fangs 1, strong nose
a: Depart the Abyss, Renounce Religion


You were on level 2 of the Dungeon.
You worshipped Lugonu.
Lugonu was aware of your devotion.
You were not hungry.

You visited 1 branch of the dungeon, and saw 2 of its levels.
You visited the Abyss 1 time.

You collected 84 gold pieces.

Inventory:

Hand Weapons
 a - a +1 short sword (weapon)
Missiles
 e - 30 arrows
 f - 45 stones (quivered)
 k - 20 sling bullets
Armour
 b - a +0 leather armour (worn)
Scrolls
 g - 2 scrolls of remove curse {unknown}
 j - a scroll of immolation {unknown}
Comestibles
 c - a ration


   Skills:
 + Level 6.5 Fighting
 + Level 4.6 Short Blades
 + Level 1.0 Long Blades
 + Level 1.0 Axes
 + Level 1.0 Maces & Flails
 + Level 1.0 Polearms
 + Level 1.0 Staves
 + Level 1.0 Slings
 + Level 1.0 Bows
 + Level 1.0 Crossbows
 + Level 1.0 Throwing
 + Level 4.6 Armour
 + Level 2.6 Dodging
 + Level 1.0 Stealth
 + Level 1.0 Shields
 + Level 1.0 Unarmed Combat
 + Level 1.0 Spellcasting
 + Level 0.7 Conjurations
 + Level 0.7 Hexes
 + Level 0.7 Charms
 + Level 0.7 Summonings
 + Level 0.7 Necromancy
 + Level 0.7 Translocations
 + Level 0.7 Transmutations
 + Level 0.7 Fire Magic
 + Level 0.7 Ice Magic
 + Level 0.7 Air Magic
 + Level 0.7 Earth Magic
 + Level 0.7 Poison Magic
 + Level 4.6 Invocations
 + Level 1.0 Evocations


You had 4 spell levels left.
You didn't know any spells.
Your spell library was empty.

Dungeon Overview and Level Annotations

Branches:
Dungeon (2/15)

Altars:


Innate Abilities, Weirdness & Mutations

Your experience applies equally to all skills.
You have very sharp teeth.
Your uncanny sense of smell can sniff out nearby items.


Message History

You float gracefully downwards.
You flicker back into view.
* * * LOW HITPOINT WARNING * * *
You feel sick.
* * * LOW HITPOINT WARNING * * *
You feel sick.
A giant cockroach comes into view.
* * * LOW HITPOINT WARNING * * *
You feel sick.
Found a glowing ring mail.
* * * LOW HITPOINT WARNING * * *
You feel sick.
* * * LOW HITPOINT WARNING * * *
You feel sick.
You hit the giant cockroach.
The giant cockroach is moderately wounded.
The giant cockroach barely misses you.
You closely miss the giant cockroach.
The giant cockroach is moderately wounded.
You die...

#.... #....#
##.....## #.......#
# #........
#.####...[....
##.#...s.....#
#......@#...#
........##.#
#..........#
#..........##
#...........##
####.........#####.#
#...?....<(.....#
#.........#######
##.......##


You could see a giant cockroach.

Vanquished Creatures
  A worker ant (D:2)
  A ball python (D:1)
  6 goblins (D:1)
  7 hobgoblins (D:1)
  6 jackals (D:1)
  2 kobolds (D:1)
  2 bats (D:1)
  2 frilled lizards (D:1)
27 creatures vanquished.

Notes
Turn   | Place    | Note
-------+----------+-------------------------------------------
     0 | Abyss:1  | MisterFreud the Gnoll Abyssal Knight began the quest for
                  | the Orb.
     0 | Abyss:1  | Reached XP level 1. HP: 23/23 MP: 3/3
    55 | Abyss:1  | Noticed a chaos spawn
    55 | Abyss:1  | Noticed a tentacled starspawn
    56 | D:1      | Escaped the Abyss
   137 | D:1      | Reached XP level 2. HP: 24/29 MP: 5/5
   140 | D:1      | Reached * piety under Lugonu
   526 | D:1      | Reached XP level 3. HP: 31/35 MP: 6/6
  1270 | D:2      | HP: 1/35 [worker ant (4)]
  1273 | D:2      | Reached skill level 1 in Long Blades
  1273 | D:2      | Reached skill level 1 in Axes
  1273 | D:2      | Reached skill level 1 in Maces & Flails
  1273 | D:2      | Reached skill level 1 in Polearms
  1273 | D:2      | Reached skill level 1 in Staves
  1273 | D:2      | Reached skill level 1 in Slings
  1273 | D:2      | Reached skill level 1 in Bows
  1273 | D:2      | Reached skill level 1 in Crossbows
  1273 | D:2      | Reached skill level 1 in Throwing
  1273 | D:2      | Reached skill level 1 in Stealth
  1273 | D:2      | Reached skill level 1 in Shields
  1273 | D:2      | Reached skill level 1 in Unarmed Combat
  1273 | D:2      | Reached skill level 1 in Spellcasting
  1273 | D:2      | Reached skill level 1 in Evocations
  1294 | D:2      | HP: 1/35 [poisoned by a worker ant]
  1297 | D:2      | Succumbed to a worker ant's poison

Levels and vault maps discovered:
D:1:      nzn_arrival_depleted_hourglass, layout_basic, st_stairs_5
D:2:      layout_loops_ring, chequers_ecumenical_altar_twisty, first_ration

Skill      XL: |  1  2  3 |
---------------+----------+-----
Long Blades    | 1 |  1.0
Axes           | 1 |  1.0
Maces & Flails | 1 |  1.0
Polearms       | 1 |  1.0
Staves         | 1 |  1.0
Slings         | 1 |  1.0
Bows           | 1 |  1.0
Crossbows      | 1 |  1.0
Throwing       | 1 |  1.0
Stealth        | 1 |  1.0
Shields        | 1 |  1.0
Unarmed Combat | 1 |  1.0
Spellcasting   | 1 |  1.0
Evocations     | 1 |  1.0
Fighting       | |  6.5
Short Blades   | |  4.6
Armour         | |  4.6
Dodging        | |  2.6
Conjurations   | |  0.7
Hexes          | |  0.7
Charms         | |  0.7
Summonings     | |  0.7
Necromancy     | |  0.7
Translocations | |  0.7
Transmutations | |  0.7
Fire Magic     | |  0.7
Ice Magic      | |  0.7
Air Magic      | |  0.7
Earth Magic    | |  0.7
Poison Magic   | |  0.7
Invocations    | |  4.6

Action                   || total
-------------------------++-------
Melee: Short sword       ||    97
       Bite              ||     5
Invok: Depart the Abyss  ||     1
  Use: Potion            ||     4
       Scroll            ||     1
  Eat: Chunk             ||     1
Armor: Leather armour    ||    26
Dodge: Dodged            ||    68

Table legend:
 A = Non-vault XP
 B = Vault XP
 C = Vault XP percentage of total XP
 D = Non-vault monster count
 E = Vault monster count
 F = Vault count percentage of total count
                 A         B        C        D         E       F
            +---------+---------+-------+---------+---------+-------
      Total |      76 |       4 |   5.0 |      25 |       2 |   7.4
            +---------+---------+-------+---------+---------+-------
        D:1 |      44 |       4 |   8.3 |      24 |       2 |   7.7
        D:2 |      32 |       0 |   0.0 |       1 |       0 |   0.0
            +---------+---------+-------+---------+---------+-------
